 Dungeon Sprint DCSS version 0.21-a0-59-g7b0e191 (webtiles) character file.

174 Kidiri the Covert (level 5, 0/27 HPs)
             Began as a Spriggan Enchanter on June 16, 2017.
             Was an Initiate of Wu Jian.
             Slain by a spriggan
             ... wielding a +0 rapier
              (11 damage)
             ... in the Dungeon (Sprint IV: "Fedhas' Mad Dash").
             The game lasted 00:03:14 (1402 turns).

Kidiri the Covert (Spriggan Enchanter)              Turns: 1402, Time: 00:03:15

Health: 0/27       AC:  2    Str:  4    XL:     5   Next: 28%
Magic:  8/14       EV: 22    Int: 17    God:    Wu Jian [......]
Gold:   71         SH:  0    Dex: 17    Spells: 6/15 levels left

rFire    . . .     SeeInvis +   a - +1 dagger
rCold    . . .     Gourm    .   (shield restricted)
rNeg     . . .     Faith    .   b - +0 robe
rPois    .         Spirit   .   (helmet restricted)
rElec    .         Reflect  .   (no cloak)
rCorr    .         Harm     .   (gloves unavailable)
MR       .....     NoTele   +   (boots unavailable)
Stlth    ++++......             k - amulet of invisibility {+Inv}
HPRegen  0.09/turn              (no ring)
MPRegen  0.14/turn              (no ring)

@: very slightly contaminated, invisible (expiring), very quick
A: unfitting armour, see invisible, herbivore 3, speed 3, slow metabolism 2
a: Renounce Religion


You were in the Dungeon.
You worshipped Wu Jian.
Wu Jian was noncommittal.
You were not hungry.

You visited 1 branch You collected 71 gold pieces.

Inventory:

Hand Weapons
 a - a +1 dagger (weapon)
Armour
 b - a +0 robe (worn)
Jewellery
 k - the amulet of invisibility (around neck) {+Inv}
   (You found it in the Dungeon)

   [amulet of nothing]

   It lets you turn invisible.
Scrolls
 j - a scroll of blinking
 l - a scroll of identify {unknown}
Potions
 e - a potion of curing
 f - a potion of heal wounds
 g - a potion of haste
 h - 2 potions of magic
 i - a potion of berserk rage
Books
 c - a book of Maledictions

   Spells                             Type                      Level
   a - Corona                         Hexes                        1
   b - Ensorcelled Hibernation        Hexes/Ice                    2
   c - Confuse                        Hexes                        3
   d - Tukima's Dance                 Hexes                        3
   e - Dazzling Spray                 Conjuration/Hexes            3
Comestibles
 d - a bread ration


   Skills:
 + Level 2.4 Fighting
 * Level 4.9 Short Blades
 + Level 2.1 Armour
 * Level 7.1 Dodging
 * Level 8.3 Stealth
 * Level 5.9 Spellcasting
 + Level 5.1 Hexes
 + Level 2.6 Evocations


You had 6 spell levels left.
You knew the following spells:

 Your Spells              Type           Power        Failure   Level  Hunger
a - Corona                Hex            ###....      1%          1    None
b - Ensorcelled Hibernat  Hex/Ice        ##....       7%          2    None
c - Confuse               Hex            ###.....     4%          3    ##.....
d - Tukima's Dance        Hex            ###.....     4%          3    ##.....


Dungeon Overview and Level Annotations

Branches:
Dungeon (1/1)

Altars:
Cheibriados
Dithmenos
Elyvilon
Gozag
Hepliaklqana
Kikubaaqudgha
Makhleb
Nemelex Xobeh
Okawaru
Qazlal
Ru
Sif Muna
Trog
Uskayaw
Vehumet
Wu Jian
Xom
Yredelemnul
Zin
The Shining One
Beogh
Jiyva
Lugonu


Innate Abilities, Weirdness & Mutations

You are very small and have problems with some larger weapons.
You are too small for most types of armour.
You have supernaturally acute eyesight. (SInv)
You are a herbivore.
You cover ground extremely quickly.
You need consume almost no food.


Message History

There is an opulent altar of Gozag here.
There is an open door here.
You close the door.
A spriggan opens the door.
You close the door.
A spriggan opens the door.
You see here 25 arrows.
You flicker for a moment.
Casting: Confuse
Confirm with . or Enter, or press ? or * to list all spells.
You don't know that spell.
Unknown command.
Unknown command.
Unknown command.
Casting: Confuse
Confirm with . or Enter, or press ? or * to list all spells.
Aiming: Confuse
Press: ? - help, Shift-Dir - straight line, f/p - spriggan
Aim: a spriggan, wielding a rapier, wearing a robe and wearing a buckler (chance to defeat MR: 19%)
The spriggan resists with almost no effort.
The spriggan hits you with a rapier!
You die...

###############################
#<..P#.....#.....#.⌠._._._._.⌠.
#PP..'.[...'.#@ii'.._._._._._..
#PPPP#.....#.#...#..._._._._...
###############+##.._._._._._..
+...#._._._._._.⌠.
#...############## #####


You could see 2 spriggans.

Vanquished Creatures
  A worker ant (D)
  4 oklob saplings (D)
  A river rat (D)
  A rat (D)
7 creatures vanquished.

Notes
Turn   | Place    | Note
-------+----------+-------------------------------------------
     0 | D        | Kidiri the Spriggan Enchanter began the quest for the Orb.
     0 | D        | Reached XP level 1. HP: 9/9 MP: 5/5
     9 | D        | Reached skill level 5 in Stealth
     9 | D        | Reached XP level 2. HP: 14/14 MP: 7/7
    15 | D        | Learned a level 2 spell: Ensorcelled Hibernation
    21 | D        | Noticed an oklob sapling
   829 | D        | Killed an oklob sapling
   829 | D        | Reached skill level 1 in Fighting
   829 | D        | Reached skill level 1 in Armour
   829 | D        | Reached skill level 6 in Stealth
   829 | D        | Reached XP level 3. HP: 18/18 MP: 7/9
   834 | D        | Learned a level 3 spell: Confuse
   838 | D        | Learned a level 3 spell: Tukima's Dance
   850 | D        | Reached skill level 5 in Dodging
   871 | D        | Noticed an oklob sapling
   874 | D        | Killed an oklob sapling
   874 | D        | Reached skill level 7 in Stealth
   874 | D        | Reached skill level 1 in Evocations
   874 | D        | Reached XP level 4. HP: 23/23 MP: 8/11
   989 | D        | Found an opulent altar of Gozag.
   989 | D        | Found a hazy altar of Hepliaklqana.
   989 | D        | Found a burning altar of Makhleb.
   989 | D        | Found a roughly hewn altar of Beogh.
   989 | D        | Found a sparkling altar of Nemelex Xobeh.
   989 | D        | Found a snail-covered altar of Cheibriados.
   989 | D        | Found a sacrificial altar of Ru.
   989 | D        | Found a deep blue altar of Sif Muna.
   989 | D        | Found a shimmering altar of Xom.
   989 | D        | Found a basalt altar of Yredelemnul.
   990 | D        | Found a viscous altar of Jiyva.
   990 | D        | Found a bloodstained altar of Trog.
   990 | D        | Found an ornate altar of the Wu Jian Council.
   991 | D        | Found an iron altar of Okawaru.
   991 | D        | Found a shadowy altar of Dithmenos.
   991 | D        | Found a glowing silver altar of Zin.
   992 | D        | Found a hide-covered altar of Uskayaw.
   992 | D        | Found an ancient bone altar of Kikubaaqudgha.
   993 | D        | Found a stormy altar of Qazlal.
   993 | D        | Found a glowing golden altar of the Shining One.
   993 | D        | Found a white marble altar of Elyvilon.
   994 | D        | Found a radiant altar of Vehumet.
   994 | D        | Found a corrupted altar of Lugonu.
   997 | D        | Reached skill level 5 in Spellcasting
   997 | D        | Reached skill level 5 in Hexes
   997 | D        | Reached XP level 5. HP: 26/26 MP: 10/14
  1004 | D        | Became a worshipper of the Wu Jian Council
  1108 | D        | Reached skill level 8 in Stealth
  1402 | D        | Slain by a spriggan

Vault maps used:
D:        dungeon_sprint_fedhas

Skill      XL: |  1  2  3  4  5 |
---------------+----------------+-----
Short Blades   | 2 3 4 |  4.9
Stealth        | 5 6 7 8 |  8.3
Spellcasting   | 3 4 5 |  5.9
Dodging        | 4 5 6 7 |  7.1
Fighting       | 1 2 |  2.4
Armour         | 1 2 |  2.1
Hexes          | 4 5 |  5.1
Evocations     | 1 2 |  2.6

Action                   |  1- 3 |  4- 6 || total
-------------------------+-------+-------++-------
Melee: Dagger            |     6 |     2 ||     8
 Cast: Confuse           |       |     2 ||     2
 Abil: Evoke Invisibilit |     1 |     3 ||     4
 Stab: Sleeping          |     4 |     1 ||     5
       Distracted        |     1 |       ||     1
       Invisible         |       |     1 ||     1
